Zazza, neutral female human Tourist ----- ---|--- |...| ----- |.....| |...| |<..| --------- #+......#######-...-# |...-# |.......| ###|....>| |...|# |.a@|# |.......| # #-.....| -----# |.a.|### |.......| ^ ### #------- # -.-.- # |.......|############# # # # #` ##........|# -------.-- # # # # --.------# |........| # # # ############### #.........| # ### # # ###|........| # ----.-- ### # |........| ##......| # ### |........| |.....| ## # |........| |.....| --.--# ---------- |.....| |...|# ------- |...|# |...-# ----- Zazza the Sightseer Experience level: 5 Strength: 12 Dexterity: 11 Constitution: 17 Intelligence: 11 Wisdom: 7 Charisma: 17 Health: 0(47) Energy: 11(11) Def: 3 Gold: 427 Moves: 2501 Dungeon seed: rr-eZmeKBgRaPFmT Game ID: Zazza_1575625097 Your Inventory: Coins $ - 427 gold pieces Weapons a - 23 +2 darts (in quiver) u - 3 +0 orcish daggers H - a +0 dagger (weapon in hand) Armor e - an uncursed +0 Hawaiian shirt (being worn) n - an uncursed +0 leather armor (being worn) q - an uncursed +0 orcish helm (being worn) Potions h - an uncursed potion of extra healing Rings p - an uncursed ring of slow digestion Tools k - an uncursed skeleton key t - an uncursed bag of holding Contents of the bag of holding: 711 gold pieces an uncursed amulet of ESP a +0 axe a +0 lance a blessed +0 orcish helm an uncursed +0 orcish helm an uncursed +0 pair of speed boots an uncursed apple an uncursed egg an uncursed egg 6 uncursed food rations 2 uncursed fortune cookies 3 uncursed lichen corpses an uncursed melon an uncursed pancake 8 uncursed tripe rations an uncursed scroll of blank paper an uncursed scroll of destroy armor an uncursed scroll of identify an uncursed scroll of light 3 uncursed scrolls of magic mapping an uncursed spellbook of light an uncursed spellbook of teleport away an uncursed potion of extra healing an uncursed potion of speed 2 uncursed potions of water an uncursed credit card an expensive camera (0:53) an uncursed jade stone an uncursed opal an uncursed worthless piece of white glass 2 uncursed worthless pieces of yellow glass Spells and supernatural/magical abilities: Name Level Category Fail Memory W - pray for help -- divine ? -- Your skills at the end: Fighting Skills Weapon Skills dagger [Basic] dart [Basic] Spellcasting Skills Final Attributes: You had transgressed. You could teleport. You are dead. Vanquished creatures: a leprechaun a shrieker a gnomish wizard a kitten 2 giant bats an iguana a killer bee 3 coyotes 2 gas spores a brown mold a yellow mold 6 garter snakes 2 geckos 2 jackals 2 foxes a kobold 5 goblins 3 sewer rats 6 grid bugs 4 lichens a kobold zombie 4 newts 51 creatures vanquished. Voluntary challenges: You used a wielded weapon 93 times, starting on turn 305. You read items or engraved 15 times, starting on turn 462. You never genocided any monsters. You never polymorphed an object. You never changed form. You used no wishes. You never split a pudding. You wrote Elbereth's name 10 times, starting on turn 462. You violated your moral code, losing 30 points of alignment, starting on turn 2015. Dungeon overview: The Dungeons of Doom: levels 1 to 6 Level 1 an altar to The Lady a long staircase Level 2 a sink Level 3 a fountain Level 4 some fountains, a sink a long staircase Level 5 many fountains Level 6 <- You were here History has recorded: On T:1 you entered the Dungeons of Doom to retrieve the Amulet of Yendor! On T:442 you reached level 2 of The Dungeons of Doom. On T:484 you advanced to experience level 2. On T:745 you advanced to experience level 3. On T:1163 you advanced to experience level 4. On T:1204 you reached level 3 of The Dungeons of Doom. On T:1531 you reached level 4 of The Dungeons of Doom. On T:1744 you reached level 5 of The Dungeons of Doom. On T:2060 you reached level 6 of The Dungeons of Doom. On T:2357 you advanced to experience level 5. Score breakdown: Gold: 1082 (10322 points) Experience: 5 levels (11141 points) Exploration: 6 levels ( 12.00%) ( 9583 points) Discoveries: 0 items ( 0.00%) ( 0 points) Valuables value: (no points given unless you survive) Artifact value: 0 ( 0 points) Variety of kills: 22 monsters ( 5.77%) ( 7208 points) Turncount: 2501 turns ( -331 points) Survival: died (score multiplied by 80%) Total score: 30338 Latest messages: The killer bee's sting was poisoned! You write in the dust with your fingers. The killer bee turns to flee! (2x) You miss the killer bee. The killer bee stings! (2x) The dart misses the killer bee. The killer bee stings! The dart hits the killer bee. The killer bee stings! The killer bee just misses! You kill the killer bee! You hear some noises in the distance. You kill the gas spore! You are caught in the gas spore's explosion! a - 3 +2 darts (in quiver). The killer bee stings! You die... Final status: Aloha Zazza the Tourist, killed by a killer bee... You died in The Dungeons of Doom on dungeon level 6 with 30338 points, and 1138 pieces of gold, after 2501 moves. You were level 5 with a maximum of 47 hit points when you died.